NCAA
CONNECTICUT HUSKIES @ PURDUE BOILERMAKERS
04/30/2025
 
TOP OF THE 1ST
Connecticut Huskies batting - Pitching for Purdue Boilermakers : RHP Ed Knox
Pitching: RHP Ed Knox
Batting: RHB Carlos Marino 0-0: Called Strike
0-1: Ball
1-1: Ball
2-1: Foul Ball, location: 2F
2-2: Strikes out swinging
Batting: LHB Chris Schultz 0-0: Called Strike
0-1: Ground out 1-3 (Groundball, 25)
Batting: RHB Jeff Manley 0-0: Ball
1-0: Ball
2-0: Called Strike
2-1: Foul Ball, location: 2F
2-2: Foul Ball, location: 2F
2-2: SOLO HOME RUN (Flyball, 7LD), Distance : 360 ft
Batting: LHB Arthur MacDonald 0-0: Foul Ball, location: 2F
0-1: Ball
1-1: Called Strike
1-2: Strikes out swinging
Top of the 1st over - 1 run(s), 1 hit(s), 0 error(s), 0 left on base; Connecticut 1 - Purdue 0
BOTTOM OF THE 1ST
Purdue Boilermakers batting - Pitching for Connecticut Huskies : RHP Scott King
Pitching: RHP Scott King
Batting: RHB Jorge Carrillo 0-0: Foul Ball, location: 2F
0-1: Fly out, F4 (Line Drive, 4)
Batting: RHB Ricardo Velásquez 0-0: Called Strike
0-1: Ground out 4-3 (Groundball, 34)
Batting: LHB Bryan Barnes 0-0: Called Strike
0-1: Ball
1-1: Ground out 3-1 (Groundball, 34)
Bottom of the 1st over - 0 run(s), 0 hit(s), 0 error(s), 0 left on base; Connecticut 1 - Purdue 0
TOP OF THE 2ND
Connecticut Huskies batting - Pitching for Purdue Boilermakers : RHP Ed Knox
Batting: RHB Mario Flores 0-0: Ball
1-0: Ground out 6-3 (Groundball, 56)
Batting: RHB Eric Black 0-0: Called Strike
0-1: Swinging Strike
0-2: Ball
1-2: Ground out 6-3 (Groundball, 6)
Batting: RHB Bill Baker 0-0: Called Strike
0-1: Called Strike
0-2: Ball
1-2: Foul Ball, location: 2F
1-2: Ball
2-2: Ball
3-2: Fly out, F8 (Flyball, 8LM)
Top of the 2nd over - 0 run(s), 0 hit(s), 0 error(s), 0 left on base; Connecticut 1 - Purdue 0
BOTTOM OF THE 2ND
Purdue Boilermakers batting - Pitching for Connecticut Huskies : RHP Scott King
Batting: RHB Francisco Herrera 0-0: Ball
1-0: Called Strike
1-1: Foul Ball, location: 2F
1-2: Ground out 4-3 (Groundball, 4M)
Batting: SHB Joaquín Gilera 0-0: Foul Ball, location: 2F
0-1: Ball
1-1: Called Strike
1-2: Foul Ball, location: 2F
1-2: Ball
2-2: Strikes out looking
Batting: RHB Dave Crawford 0-0: Ball
1-0: Ball
2-0: Called Strike
2-1: Ball
3-1: Base on Balls
Batting: RHB Eric Patrick 0-0: Ball
1-0: Called Strike
1-1: Foul Ball, location: 2F
1-2: Strikes out swinging
Bottom of the 2nd over - 0 run(s), 0 hit(s), 0 error(s), 1 left on base; Connecticut 1 - Purdue 0
TOP OF THE 3RD
Connecticut Huskies batting - Pitching for Purdue Boilermakers : RHP Ed Knox
Batting: RHB Thomas Moore 0-0: Ball
1-0: Ball
2-0: Ball
3-0: Base on Balls
Batting: RHB Michael Cobb 0-0: Ball
1-0: Called Strike
1-1: Ball
2-1: Foul Ball, location: 2F
2-2: Strikes out swinging
Batting: RHB Carlos Marino 0-0: Ball
1-0: Ball
2-0: Fly out, F3 (Popup, 3F)
Batting: LHB Chris Schultz 0-0: Ball
1-0: Ball
2-0: Called Strike
2-1: Called Strike
2-2: Strikes out swinging
Top of the 3rd over - 0 run(s), 0 hit(s), 0 error(s), 1 left on base; Connecticut 1 - Purdue 0
BOTTOM OF THE 3RD
Purdue Boilermakers batting - Pitching for Connecticut Huskies : RHP Scott King
Batting: RHB Henry O'Brien 0-0: Called Strike
0-1: Called Strike
0-2: Foul Ball, location: 2F
0-2: Ball
1-2: Strikes out swinging
Batting: RHB Jorge Molina 0-0: Ball
1-0: Ball
2-0: Fly out, F6 (Popup, 56D)
Batting: RHB Jorge Carrillo 0-0: Fly out, F6 (Line Drive, 6D)
Bottom of the 3rd over - 0 run(s), 0 hit(s), 0 error(s), 0 left on base; Connecticut 1 - Purdue 0
TOP OF THE 4TH
Connecticut Huskies batting - Pitching for Purdue Boilermakers : RHP Ed Knox
Batting: RHB Jeff Manley 0-0: Ball
1-0: Called Strike
1-1: Ball
2-1: Ground out 5-3 (Groundball, 5S)
Batting: LHB Arthur MacDonald 0-0: Called Strike
0-1: Ball
1-1: Ball
2-1: Ball
3-1: Swinging Strike
3-2: Base on Balls
Batting: RHB Mario Flores 0-0: Ball
1-0: Ball
2-0: Fielders Choice at 2nd, 6-4 (Groundball, 6)
Batting: RHB Eric Black 0-0: Hit by Pitch
Mario Flores to second
Batting: RHB Bill Baker 0-0: Ball
1-0: Called Strike
1-1: Foul Ball, location: 2F
1-2: Foul Ball, location: 2F
1-2: Ball
2-2: Ball
3-2: Strikes out swinging
Top of the 4th over - 0 run(s), 0 hit(s), 0 error(s), 2 left on base; Connecticut 1 - Purdue 0
BOTTOM OF THE 4TH
Purdue Boilermakers batting - Pitching for Connecticut Huskies : RHP Scott King
Batting: RHB Ricardo Velásquez 0-0: SINGLE (Line Drive, 8RS)
Batting: LHB Bryan Barnes 0-0: Grounds into double play, U6-3 (Groundball, 6M)
Batting: RHB Francisco Herrera 0-0: Ball
1-0: Called Strike
1-1: Fly out, F7 (Flyball, 78M)
Bottom of the 4th over - 0 run(s), 1 hit(s), 0 error(s), 0 left on base; Connecticut 1 - Purdue 0
TOP OF THE 5TH
Connecticut Huskies batting - Pitching for Purdue Boilermakers : RHP Ed Knox
Batting: RHB Thomas Moore 0-0: Ball
1-0: Called Strike
1-1: Ball
2-1: Foul Ball, location: 2F
2-2: Ground out 6-3 (Groundball, 6)
Batting: RHB Michael Cobb 0-0: Foul Ball, location: 2F
0-1: Ball
1-1: SOLO HOME RUN (Flyball, 7LD), Distance : 381 ft
Batting: RHB Carlos Marino 0-0: SINGLE (Line Drive, 89S)
Batting: LHB Chris Schultz 0-0: Ball
1-0: SINGLE (Line Drive, 5D)
Carlos Marino to second
Batting: RHB Jeff Manley 0-0: Called Strike
0-1: Called Strike
0-2: Strikes out swinging
Pitching: RHP Mark Messier
Batting: LHB Arthur MacDonald 0-0: Called Strike
0-1: Called Strike
0-2: Ball
1-2: Strikes out swinging
Top of the 5th over - 1 run(s), 3 hit(s), 0 error(s), 2 left on base; Connecticut 2 - Purdue 0
BOTTOM OF THE 5TH
Purdue Boilermakers batting - Pitching for Connecticut Huskies : RHP Scott King
Batting: SHB Joaquín Gilera 0-0: Ball
1-0: Foul Ball, location: 2F
1-1: Ball
2-1: Fly out, F8 (Flyball, 8RM)
Batting: RHB Dave Crawford 0-0: Called Strike
0-1: Ball
1-1: Foul Ball, location: 2F
1-2: Foul Ball, location: 2F
1-2: Ball
2-2: Foul Ball, location: 2F
2-2: Strikes out looking
Batting: RHB Eric Patrick 0-0: Foul Ball, location: 2F
0-1: Foul Ball, location: 2F
0-2: Strikes out looking
Bottom of the 5th over - 0 run(s), 0 hit(s), 0 error(s), 0 left on base; Connecticut 2 - Purdue 0
TOP OF THE 6TH
Connecticut Huskies batting - Pitching for Purdue Boilermakers : RHP Mark Messier
Batting: RHB Mario Flores 0-0: Swinging Strike
0-1: Swinging Strike
0-2: Ball
1-2: Foul Ball, location: 2F
1-2: Strikes out swinging
Batting: RHB Eric Black 0-0: Ball
1-0: Foul Ball, location: 2F
1-1: Ball
2-1: Foul Ball, location: 2F
2-2: Ball
3-2: Strikes out swinging
Batting: RHB Bill Baker 0-0: Ball
1-0: SOLO HOME RUN (Flyball, 7D), Distance : 401 ft
Batting: RHB Thomas Moore 0-0: Called Strike
0-1: Ground out 1-3 (Groundball, 15)
Top of the 6th over - 1 run(s), 1 hit(s), 0 error(s), 0 left on base; Connecticut 3 - Purdue 0
BOTTOM OF THE 6TH
Purdue Boilermakers batting - Pitching for Connecticut Huskies : RHP Scott King
Batting: RHB Henry O'Brien 0-0: Swinging Strike
0-1: Swinging Strike
0-2: Strikes out looking
Batting: RHB Jorge Molina 0-0: Ball
1-0: Foul Ball, location: 2F
1-1: Foul Ball, location: 2F
1-2: Strikes out swinging
Batting: RHB Jorge Carrillo 0-0: Called Strike
0-1: Swinging Strike
0-2: Strikes out swinging
Bottom of the 6th over - 0 run(s), 0 hit(s), 0 error(s), 0 left on base; Connecticut 3 - Purdue 0
TOP OF THE 7TH
Connecticut Huskies batting - Pitching for Purdue Boilermakers : RHP Mark Messier
Batting: RHB Michael Cobb 0-0: Called Strike
0-1: Swinging Strike
0-2: Ball
1-2: Fly out, F8 (Line Drive, 8LM)
Batting: RHB Carlos Marino 0-0: Ball
1-0: Called Strike
1-1: Foul Ball, location: 2F
1-2: Ground out 6-3 (Groundball, 6)
Batting: LHB Chris Schultz 0-0: Called Strike
0-1: Fly out, F7 (Flyball, 78S)
Top of the 7th over - 0 run(s), 0 hit(s), 0 error(s), 0 left on base; Connecticut 3 - Purdue 0
BOTTOM OF THE 7TH
Purdue Boilermakers batting - Pitching for Connecticut Huskies : RHP Scott King
Batting: RHB Ricardo Velásquez 0-0: Ground out 6-3 (Groundball, 6)
Batting: LHB Bryan Barnes 0-0: Called Strike
0-1: Fly out, F7 (Line Drive, 78M)
Batting: RHB Francisco Herrera 0-0: Ball
1-0: Called Strike
1-1: Called Strike
1-2: Ground out 6-3 (Groundball, 6)
Bottom of the 7th over - 0 run(s), 0 hit(s), 0 error(s), 0 left on base; Connecticut 3 - Purdue 0
TOP OF THE 8TH
Connecticut Huskies batting - Pitching for Purdue Boilermakers : RHP Mark Messier
Pitching: RHP Scotty Wallace
Batting: RHB Jeff Manley 0-0: Ball
1-0: Called Strike
1-1: Foul Ball, location: 2F
1-2: Strikes out swinging
Batting: LHB Arthur MacDonald 0-0: Ball
1-0: Ball
2-0: Foul Ball, location: 2F
2-1: Ball
3-1: Base on Balls
Batting: RHB Mario Flores 0-0: Ball
1-0: Called Strike
Arthur MacDonald steals 2nd base
1-1: Intentional Walk
Batting: RHB Eric Black 0-0: Ball
1-0: Ball
2-0: Ball
3-0: Called Strike
3-1: Swinging Strike
3-2: Fly out, F8 (Flyball, 8LM)
Runner from 2nd tags up, SAFE at 3rd with throw
Batting: RHB Bill Baker 0-0: Ball
1-0: Fly out, F8 (Flyball, 8RM)
Top of the 8th over - 0 run(s), 0 hit(s), 0 error(s), 2 left on base; Connecticut 3 - Purdue 0
BOTTOM OF THE 8TH
Purdue Boilermakers batting - Pitching for Connecticut Huskies : RHP Scott King
Batting: SHB Joaquín Gilera 0-0: Ball
1-0: Swinging Strike
1-1: Foul Ball, location: 2F
1-2: Strikes out swinging
Batting: RHB Dave Crawford 0-0: Ball
1-0: Ball
2-0: Ball
3-0: Called Strike
3-1: Base on Balls
Pitching: LHP Salvador Jiménez
Batting: RHB Eric Patrick 0-0: Foul Ball, location: 2F
0-1: Ball
1-1: Ball
2-1: Ball
3-1: Foul Ball, location: 2F
3-2: Base on Balls
Dave Crawford to second
Pitching: LHP Rodrigo Montés
Batting: RHB Henry O'Brien 0-0: Ball
1-0: Ball
2-0: Ball
3-0: Base on Balls
Dave Crawford to third
Eric Patrick to second
Pitching: RHP Andrés Palma
Batting: RHB Jorge Molina 0-0: Ball
1-0: Called Strike
1-1: Ball
2-1: Ball
3-1: Called Strike
3-2: Foul Ball, location: 2F
3-2: Base on Balls
Dave Crawford scores
Eric Patrick to third
Henry O'Brien to second
Batting: RHB Jorge Carrillo 0-0: Ball
1-0: Called Strike
1-1: Fly out, F7 (Flyball, 78XD)
Runner from 3rd tags up, SCORES, no throw
Henry O'Brien to third
Batting: RHB Ricardo Velásquez 0-0: Called Strike
0-1: Foul Ball, location: 2F
0-2: Fly out, F4 (Popup, 4D)
Bottom of the 8th over - 2 run(s), 0 hit(s), 0 error(s), 2 left on base; Connecticut 3 - Purdue 2
TOP OF THE 9TH
Connecticut Huskies batting - Pitching for Purdue Boilermakers : RHP Scotty Wallace
Pitching: RHP José Mejía
Batting: RHB Thomas Moore 0-0: Ball
1-0: Called Strike
1-1: Ball
2-1: Foul Ball, location: 2F
2-2: Ball
3-2: Foul Ball, location: 2F
3-2: Foul Ball, location: 2F
3-2: Base on Balls
Batting: RHB Michael Cobb 0-0: Foul Ball, location: 2F
0-1: SINGLE (Groundball, 6MD)
Thomas Moore to second
Runner from 2nd tries for 3rd, SAFE, throw made to third
Batting: RHB Carlos Marino 0-0: Called Strike
0-1: Ball
1-1: Foul Ball, location: 2F
1-2: Strikes out swinging
Batting: LHB Chris Schultz 0-0: Ball
Balk!
Thomas Moore scores
Michael Cobb to second
1-0: Called Strike
1-1: Ball
2-1: Ball
3-1: Foul Ball, location: 2F
3-2: Strikes out swinging
Batting: RHB Jeff Manley 0-0: Ball
1-0: Ball
2-0: Ball
3-0: Called Strike
3-1: Called Strike
3-2: Foul Ball, location: 2F
3-2: Ground out 4-3 (Groundball, 4MD)
Top of the 9th over - 1 run(s), 1 hit(s), 0 error(s), 1 left on base; Connecticut 4 - Purdue 2
BOTTOM OF THE 9TH
Purdue Boilermakers batting - Pitching for Connecticut Huskies : RHP Andrés Palma
Pitching: LHP Will Hines
Now in LF: Jake Osborn
Batting: LHB Bryan Barnes 0-0: Ball
1-0: Called Strike
1-1: Ball
2-1: SOLO HOME RUN (Line Drive, 9D), Distance : 366 ft
Batting: RHB Francisco Herrera 0-0: Ball
1-0: Fly out, F9 (Flyball, 89M)
Batting: SHB Joaquín Gilera 0-0: Called Strike
0-1: Ball
1-1: Ball
2-1: Swinging Strike
2-2: Foul Ball, location: 2F
2-2: Strikes out swinging
Batting: RHB Dave Crawford 0-0: Swinging Strike
0-1: Ball
1-1: SINGLE (Line Drive, 4M)
Batting: RHB Eric Patrick 0-0: Foul Ball, location: 2F
0-1: Swinging Strike
0-2: Foul Ball, location: 2F
0-2: Ball
1-2: Foul Ball, location: 2F
1-2: Strikes out swinging
Bottom of the 9th over - 1 run(s), 2 hit(s), 0 error(s), 1 left on base; Connecticut 4 - Purdue 3
This league is powered by Out of the Park Baseball, the baseball management simulation game for PC, Mac and Linux
Tuesday, August 2nd, 2016 - OOTP Baseball 16.8 Build 38